 Dungeon Crawl Stone Soup version 0.25-a0-24-g72dcfe0359 (webtiles) character file.

Game seed: 9650925562808476359, levelgen mode: deterministic

1949 Gynju the Magician (level 8, -8/41 HPs)
             Began as a Deep Elf Fire Elementalist on Oct 17, 2019.
             Was an Initiate of Vehumet.
             Killed from afar by Dowan (22 damage)
             ... with a shard of ice
             ... on level 5 of the Dungeon.
             The game lasted 00:11:21 (6242 turns).

Gynju the Magician (Deep Elf Fire Elementalist)     Turns: 6242, Time: 00:11:22

Health: -8/41      AC:  4    Str:  5    XL:     8   Next: 99%
Magic:  18/30      EV: 16    Int: 23    God:    Vehumet [......]
Gold:   271        SH:  0    Dex: 15    Spells: 12/22 levels left

rFire    + . .     SeeInvis .   k - +9 club
rCold    . . .     Gourm    .   (no shield)
rNeg     . . .     Faith    .   p - +0 robe {rC+}
rPois    .         Spirit   .   (no helmet)
rElec    .         Reflect  .   (no cloak)
rCorr    .         Harm     .   m - +1 pair of gloves
MR       .....                  (no boots)
Stlth    ++........             (no amulet)
HPRegen  0.13/turn              o - ring of magical power
MPRegen  0.22/turn              s - ring of fire

@: no status effects
A: no striking features
a: Renounce Religion


You were on level 5 of the Dungeon.
You worshipped Vehumet.
Vehumet was noncommittal.
You were not hungry.

You visited 2 branches of the dungeon, and saw 6 of its levels.

You collected 271 gold pieces.

Inventory:

Hand Weapons
 e - a +1 falchion of flaming
 k - a +9 club (weapon)
Armour
 m - a +1 pair of gloves (worn)
 p - a +0 robe of cold resistance (worn)
Jewellery
 a - an uncursed ring of see invisible
 o - a ring of magical power (left hand)
 s - a ring of fire (right hand)
Wands
 g - a wand of flame (10)
 x - a wand of disintegration (22)
Scrolls
 d - 8 scrolls of remove curse {@r2}
 n - a scroll of enchant weapon
 q - a scroll of teleportation
 v - a scroll of enchant armour
Potions
 b - 3 potions of flight {unknown}
 f - 3 potions of might
 h - 5 potions of lignification {unknown}
 i - 4 potions of heal wounds
 j - a potion of magic {unknown}
 l - a potion of mutation {unknown}
 r - a potion of degeneration {unknown}
 t - a potion of ambrosia {unknown}
 u - a potion of curing {unknown}
Comestibles
 c - 11 rations
 w - 4 chunks of flesh


   Skills:
 + Level 6.7 Dodging
 - Level 2.4 Stealth
 + Level 7.5 Spellcasting
 + Level 5.8 Conjurations
 + Level 6.6 Fire Magic
 + Level 4.6 Air Magic


You had 12 spell levels left.
You knew the following spells:

 Your Spells              Type           Power        Failure   Level  Hunger
a - Flame Tongue          Conj/Fire      #####        1%          1    None
b - Throw Flame           Conj/Fire      ######       1%          2    None
c - Conjure Flame         Conj/Fire      ######..     1%          3    None
d - Summon Lightning Spi  Summ/Air       ###.....     28%         4    ###....

Your spell library contained the following spells:

 Spells                   Type           Power        Failure   Level  Hunger
 Inner Flame              Hex/Fire       #####...     5%          3    None
 Sticky Flame             Conj/Fire      ######..     5%          4    ###....
 Fireball                 Conj/Fire      ######....   16%         5    #####..
 Silence                  Hex/Air        ###.......   61%         5    #####..
 Conjure Ball Lightning   Conj/Air       ####......   78%         6    ######.
 Deflect Missiles         Chrm/Air       ###.......   99%         6    ######.
 Tornado                  Air            ####......   100%        9    #######


Dungeon Overview and Level Annotations

Branches:
Dungeon (5/15)             Temple (1/1) D:4

Altars:
Ashenzari
Cheibriados
Elyvilon
Fedhas
Gozag
Hepliaklqana
Kikubaaqudgha
Makhleb
Nemelex Xobeh
Okawaru
Qazlal
Ru
Sif Muna
Vehumet
Wu Jian
Xom
Yredelemnul
Zin

Annotations:
D:5 2 transporters, Dowan


Message History

Press: ? - help, Shift-Dir - straight line, f/p - Duvessa
Aim: Duvessa, wielding a +0 short sword and wearing a +0 chain mail (almost dead, fast, unusually agile)
You feel a surge of power!
The flame tongue hits Duvessa!
You kill Duvessa!
Vehumet accepts your kill.
Dowan screams, "No!
No!"
Dowan seems to find hidden reserves of power!
The hound misses you. The hound bites you but does no damage.
Casting: Flame Tongue (safe; 1% risk of failure)
Confirm with . or Enter, or press ? or * to list all spells.
Aiming: Flame Tongue (safe; 1% risk of failure)
Press: ? - help, Shift-Dir - straight line, f - Dowan
Aim: Dowan, wielding a +0 dagger and wearing a +0 robe (moderately wounded, fast)
You feel a surge of power!
The flame tongue hits Dowan!
Dowan is severely wounded.
The hound closely misses you.
Dowan points at you and mumbles some strange words.
The shard of ice hits you!!
Ouch! That really hurt!
You die...

##.##.##......#..#....
..#........###..........
......∩......#...........
.. #..................
...####.#..###...........
......#.#...#............
........##...............
.....(.h##......#.....©..
......#e@.........#######
.....###..........#8P$©$P
...>! #..........#P..(..
.... ....#.......####+##
...> ..#..##......#K≈...≈
... ..#.###......#o≈...≈
..# ... ≈≈≈P≈ #.. ..
≈P⌠P≈ ≈≈≈≈≈


You could see Dowan and a hound.

Vanquished Creatures
  A two-headed ogre (D:4)
  A troll (D:5)
  Sigmund (D:2)
  Eustachio (D:4)
  The ghost of runewalsh the Magician, an amateur OpWz (D:4)
  Duvessa (D:5)
  A crimson imp (D:4)
  A centaur zombie (D:5)
  3 hounds
  2 orc wizards (D:4)
  Ijyb (D:4)
  Terence (D:2)
  Natasha (thrice) (D:4)
  3 worker ants
  A bullfrog simulacrum (D:4)
  5 gnolls
  3 adders
  A shadow imp (D:5)
  A white imp (D:4)
  5 worms
  2 dart slugs
  An adder simulacrum (D:4)
  A leopard gecko (D:5)
  6 orcs
  4 giant cockroaches
  7 goblins
  6 hobgoblins
  A ball python (D:2)
  A ball python skeleton (D:5)
  5 bats
  2 frilled lizards (D:3)
  A jackal simulacrum (D:4)
  11 kobolds
  A leopard gecko simulacrum (D:4)
  9 rats
95 creatures vanquished.

Notes
Turn   | Place    | Note
-------+----------+-------------------------------------------
     0 | D:1      | Gynju the Deep Elf Fire Elementalist began the quest for
                  | the Orb.
     0 | D:1      | Reached XP level 1. HP: 10/10 MP: 6/6
     6 | D:1      | Noticed a black mamba
     6 | D:1      | Noticed a worker ant
     6 | D:1      | Noticed a wyvern
     7 | D:1      | Noticed a black bear
     7 | D:1      | Noticed an iguana
   238 | D:1      | Reached XP level 2. HP: 15/15 MP: 4/8
   602 | D:1      | Reached XP level 3. HP: 19/19 MP: 7/10
  1285 | D:1      | Learned a level 2 spell: Throw Flame
  1289 | D:1      | Learned a level 3 spell: Conjure Flame
  1867 | D:2      | Reached skill level 4 in Spellcasting
  1867 | D:2      | Reached XP level 4. HP: 10/24 MP: 0/12
  2167 | D:2      | Learned a level 4 spell: Summon Lightning Spire
  2192 | D:2      | Noticed Terence
  2326 | D:2      | Killed Terence
  2441 | D:2      | Noticed Sigmund
  2449 | D:2      | Killed Sigmund
  2449 | D:2      | Reached skill level 1 in Air Magic
  2449 | D:2      | Reached XP level 5. HP: 28/28 MP: 4/14
  2449 | D:2      | Reached XP level 6. HP: 32/32 MP: 4/15
  4034 | D:3      | Reached skill level 5 in Spellcasting
  4262 | D:4      | Noticed a two-headed ogre
  4274 | D:4      | Killed a two-headed ogre
  4274 | D:4      | Reached skill level 5 in Dodging
  4274 | D:4      | Reached skill level 6 in Spellcasting
  4274 | D:4      | Reached skill level 5 in Fire Magic
  4274 | D:4      | Reached XP level 7. HP: 36/36 MP: 13/18
  4277 | D:4      | Reached XP level 8. HP: 41/41 MP: 10/19
  4409 | D:4      | Noticed Natasha
  4411 | D:4      | Killed Natasha
  4513 | D:4      | Noticed runewalsh's ghost (amateur OpWz)
  4520 | D:4      | Noticed Natasha
  4704 | D:4      | Found a staircase to the Ecumenical Temple.
  4715 | Temple   | Entered the Ecumenical Temple
  4806 | Temple   | Became a worshipper of Vehumet
  4893 | D:4      | Got a pitted scale mail
  4894 | D:4      | Identified the +5 scale mail "Siwuen" {+Fly MP+9 Dex-4}
                  | (You found it on level 4 of the Dungeon)
  4926 | D:4      | Noticed Eustachio
  4951 | D:4      | Killed Eustachio
  4951 | D:4      | Reached skill level 5 in Conjurations
  5163 | D:4      | Killed Natasha
  5181 | D:4      | Found a runed translucent gate.
  5182 | D:4      | Found a runed translucent gate.
  5182 | D:4      | Found a runed translucent gate.
  5199 | D:4      | Noticed Ijyb
  5208 | D:4      | Killed Ijyb
  5515 | D:4      | Noticed Natasha
  5526 | D:4      | Killed Natasha
  5733 | D:4      | Killed runewalsh's ghost
  5733 | D:4      | Reached skill level 7 in Spellcasting
  5833 | D:5      | Entered Level 5 of the Dungeon
  5967 | D:5      | Found a transporter.
  6019 | D:5      | Found a transporter.
  6094 | D:5      | Noticed a kobold demonologist
  6130 | D:5      | Noticed a troll
  6137 | D:5      | Killed a troll
  6225 | D:5      | Noticed Dowan
  6226 | D:5      | Noticed Duvessa
  6241 | D:5      | Killed Duvessa
  6242 | D:5      | Killed from afar by Dowan

Levels and vault maps discovered:
D:1:      onia_arrival_zoo_common, layout_basic, minmay_misc_feat_doors,
          minmay_hexomino_p4
D:2:      kennysheep_six_static_rooms, layout_basic, first_ration, uniq_terence,
          uniq_sigmund
D:3:      cheibrodos_helix_gallery, layout_basic
D:4:      layout_loops_ring, minmay_temple_entry_nine_rooms,
          gammafunk_ghost_icy, uniq_natasha, uniq_ijyb, uniq_eustachio
D:5:      gammafunk_wand_slinger, layout_cave_pools, serial_shops, shop,
          abandoned_shop, uniq_duvessa
Temple:   kilobyte_greek_temple

Skill      XL: |  1  2  3  4  5  6  7  8 |
---------------+-------------------------+-----
Dodging        | 3 4 5 6 |  6.7
Conjurations   | 2 3 4 5 |  5.8
Spellcasting   | 4 6 7 |  7.5
Fire Magic     | 4 5 6 |  6.6
Air Magic      | 1 3 4 |  4.6
Stealth        | |  2.4

Action                   |  1- 3 |  4- 6 |  7- 9 || total
-------------------------+-------+-------+-------++-------
Melee: Unarmed           |     3 |       |       ||     3
       Club              |       |       |    25 ||    25
 Cast: Flame Tongue      |    67 |    97 |   111 ||   275
       Throw Flame       |     1 |     5 |    19 ||    25
       Conjure Flame     |       |     6 |       ||     6
  Use: Scroll            |       |     8 |     1 ||     9
  Eat: Chunk             |     3 |     7 |     3 ||    13
       Ration            |       |       |     1 ||     1
Armor: Robe              |     7 |     5 |    30 ||    42
Dodge: Dodged            |    24 |    33 |    91 ||   148
       Rpst.: Falchion   |       |       |     6 ||     6

Table legend:
 A = Non-vault XP
 B = Vault XP
 C = Vault XP percentage of total XP
 D = Non-vault monster count
 E = Vault monster count
 F = Vault count percentage of total count
                 A         B        C        D         E       F
            +---------+---------+-------+---------+---------+-------
      Total |    1810 |     975 |  35.0 |      72 |      23 |  24.2
            +---------+---------+-------+---------+---------+-------
        D:1 |      49 |       4 |   7.5 |      23 |       3 |  11.5
        D:2 |      26 |     331 |  92.7 |      10 |       8 |  44.4
        D:3 |      83 |      10 |  10.8 |      14 |       2 |  12.5
        D:4 |    1208 |     477 |  28.3 |      16 |       9 |  36.0
        D:5 |     444 |     153 |  25.6 |       9 |       1 |  10.0
            +---------+---------+-------+---------+---------+-------
